Map: Curious Minds LE

Players

Pumba - Winner!

  • Race: Protoss Protoss
  • League: Master
  • Spawn Location: 11:00

Neuro

  • Race: Zerg Zerg
  • League: Master
  • Spawn Location: 5:00

VOD

Have the link to the VOD?

Description

Time

  • Played on: April 5, 2022, 9:22 p.m.
  • Length: 6:47
Show
View Real Time Build Order
Export as new Build Order

Pumba Protoss - Winner!

Build Orders: Nexus First 

Get SALT Encoding   

  12  0:00  Probe  
  13  0:12  Probe  
  14  0:19  Pylon  
  14  0:24  Probe  
  15  0:37  Probe  
  16  0:49  Probe  
  17  1:01  Nexus  
  17  1:10  Gateway  
  17  1:13  Probe (Chrono Boost)  
  18  1:25  Probe (Chrono Boost), Assimilator  
  19  1:30  Probe (Chrono Boost)  
  20  1:43  Gateway  
  20  1:44  Probe (Chrono Boost)  
  21  1:53  Probe (Chrono Boost)  
  22  1:58  Cybernetics Core  
  22  1:59  Probe  
  23  2:13  Pylon  
  24  2:15  Probe (Chrono Boost)  
  24  2:17  Probe (Chrono Boost)  
  25  2:26  Probe (Chrono Boost)  
  25  2:27  Probe (Chrono Boost)  
  27  2:32  Probe (Chrono Boost)  
  27  2:33  Probe (Chrono Boost)  
  27  2:34  Adept  
  27  2:35  Adept, Warp Gate (Chrono Boost)  
  33  2:40  Probe  
  33  2:43  Probe  
  35  2:46  Pylon  
  35  2:53  Gateway  
  35  2:57  Probe  
  36  3:02  Probe  
  36  3:05  Stalker  
  39  3:14  Probe  
  39  3:15  Gateway x2  
  40  3:20  Gateway  
  40  3:24  Probe  
  41  3:51  Gateway  
  41  3:53  Gateway  
  41  3:57  Gateway  
  41  3:58  Pylon  
  41  4:17  Stalker x2  
  41  4:18  Zealot, Stalker x2  
  41  4:19  Zealot  
  53  4:28  Pylon  
  53  4:31  Pylon  
  49  4:41  Stalker x2  
  49  4:42  Zealot x4  
  61  4:48  Zealot  
  63  5:04  Zealot x6  
  75  5:21  Stalker x2  
  77  5:22  Probe  
  77  5:24  Probe, Assimilator  
  77  5:28  Assimilator  
  77  5:32  Assimilator  
  77  5:34  Probe  
  76  5:36  Probe  
  75  5:50  Stalker  
  75  5:53  Probe  
  74  6:18  Probe (Chrono Boost)  
  74  6:19  Twilight Council  
  74  6:24  Probe (Chrono Boost)  
  74  6:28  Probe (Chrono Boost)  
  74  6:32  Probe (Chrono Boost)  
  74  6:36  Nexus, Robotics Facility  
  74  6:41  Pylon  
  74  6:45  Pylon  
Show
View Real Time Build Order
Export as new Build Order

Neuro Zerg 

Build Orders: Hatch First 

Get SALT Encoding   

  12  0:01  Drone  
  13  0:12  Overlord  
  13  0:16  Drone  
  14  0:30  Drone x2  
  16  0:51  Drone, Hatchery  
  16  0:55  Drone  
  17  0:59  Drone  
  18  1:09  Extractor  
  17  1:14  Spawning Pool  
  17  1:17  Drone  
  17  1:20  Drone  
  18  1:28  Drone  
  19  1:39  Drone  
  20  1:49  Overlord  
  20  2:02  Queen  
  20  2:03  Queen  
  20  2:05  Drone x2  
  26  2:13  Metabolic Boost  
  26  2:15  Drone x2  
  28  2:21  Drone  
  29  2:29  Drone  
  30  2:34  Drone  
  31  2:39  Hatchery  
  31  2:43  Queen  
  32  2:48  Overlord  
  32  2:54  Drone x3  
  35  2:59  Overlord  
  35  3:06  Queen  
  37  3:15  Zergling x4  
  37  3:16  Zergling x8  
  37  3:19  Drone  
  44  3:21  Drone x2  
  46  3:38  Drone x3  
  47  3:43  Drone  
  47  3:45  Spore Crawler  
  47  3:48  Drone  
  48  3:50  Drone x2  
  48  3:52  Drone x3  
  53  3:57  Queen  
  55  4:06  Spore Crawler  
  55  4:07  Drone, Overlord  
  55  4:08  Drone x2  
  57  4:13  Spore Crawler  
  57  4:14  Roach Warren  
  57  4:15  Drone x2  
  56  4:26  Drone x6  
  61  4:32  Lair  
  61  4:34  Drone  
  61  4:41  Overlord  
  61  4:43  Drone x2, Extractor  
  61  4:44  Drone  
  63  4:46  Extractor  
  63  4:48  Overlord x2  
  63  4:51  Overlord  
  63  4:52  Overlord  
  62  5:02  Roach x5  
  65  5:12  Roach  
  65  5:13  Roach x2  
  65  5:18  Roach  
  65  5:19  Zergling x6  
  65  5:20  Zergling x4  
  59  5:30  Roach x2  
  59  5:33  Zergling x8  
  57  5:39  Roach  
  55  5:46  Roach  
  55  5:47  Roach  
  59  5:52  Roach  
  59  5:53  Zergling x4  
  61  6:01  Roach x2  
  61  6:02  Zergling x4  
Tags
 
Add a new tag
Caveats
  • Supply blocks, unpowered buildings, or Contaminate may cause inaccurate times.
  • Supply counts are checked every 10 seconds.